 Dungeon Crawl Stone Soup version 0.23-b1-6-ga921848b48 (webtiles) character file.

Game seed: 9583334591628406771

11324 Ihlosi the Basher (level 12, -9/75 HPs)
             Began as a Kobold Fighter on Feb 2, 2019.
             Was a High Priest of the Shining One.
             Mangled by a swamp worm (23 damage)
             ... in a Gauntlet.
             The game lasted 00:42:36 (15540 turns).

Ihlosi the Basher (Kobold Fighter)                 Turns: 15540, Time: 00:42:37

Health: -9/75      AC: 11    Str: 21    XL:     12   Next: 6%
Magic:  16/16      EV: 18    Int:  9    God:    the Shining One [*****.]
Gold:   583        SH: 11    Dex: 19    Spells: 11/13 levels left

rFire    . . .     SeeInvis .   a - +4 flail
rCold    . . .     Gourm    .   c - +0 shield
rNeg     + + .     Faith    .   O - +2 leather armour of Puassomy {Str+4 Slay+4}
rPois    .         Spirit   .   (no helmet)
rElec    .         Reflect  .   y - +0 cloak
rCorr    .         Harm     .   v - +1 pair of gloves
MR       .....     NoTele   +   m - +1 pair of boots
Stlth    +.........             (no amulet)
HPRegen  0.22/turn              n - +3 ring of slaying
MPRegen  0.15/turn              I - +3 ring of dexterity

@: glowing
A: small, carnivore
a: Divine Shield, Cleansing Flame, Summon Divine Warrior, Renounce Religion


You were in a Gauntlet.
You worshipped the Shining One.
The Shining One was extremely pleased with you.
You were full.

You visited 3 branches of the dungeon, and saw 13 of its levels.
You also visited: Gauntlet.

You collected 622 gold pieces.
You spent 39 gold pieces at shops.

Inventory:

Hand Weapons
 a - a +4 flail (weapon)
 q - a +0 blowgun
 L - a +3 scimitar of flaming
 V - a +0 hand crossbow
Missiles
 r - 5 curare-tipped needles
 W - 6 poisoned needles
 X - 46 bolts
Armour
 b - a +0 scale mail
 c - a +0 shield (worn)
 m - a +1 pair of boots (worn)
 v - a +1 pair of gloves (worn)
 y - a +0 cloak (worn)
 M - a +2 robe of the Archmagi
 N - a scarf of repulsion
 O - the +2 leather armour of Puassomy (worn) {Str+4 Slay+4}
   (You found it on level 9 of the Dungeon)

   It affects your strength (+4).
   It affects your accuracy and damage with ranged weapons and melee attacks
   (+4).
Magical Staves
 F - an uncursed staff of summoning
 Y - an uncursed staff of fire
Jewellery
 n - a +3 ring of slaying (left hand)
 s - an uncursed ring of ice
 B - an uncursed ring of magical power
 I - a +3 ring of dexterity (right hand)
 J - an uncursed ring of flight
 U - the ring "Uha Atto" {Str+3 Dex+4}
   (You took it off a big kobold on level 10 of the Dungeon)

   [ring of strength]

   It affects your strength (+3).
   It affects your dexterity (+4).
Wands
 g - a wand of flame (40)
 z - a wand of polymorph (10)
 G - a wand of digging (10)
 Q - a wand of enslavement (16)
Scrolls
 e - 2 scrolls of blinking
 k - 4 scrolls of remove curse
 l - 2 scrolls of holy word
 o - 2 scrolls of fog
 p - 4 scrolls of identify
 t - a scroll of immolation
 x - 2 scrolls of amnesia
 A - 5 scrolls of teleportation
 D - a scroll of fear
Potions
 d - 2 potions of might
 h - a potion of cancellation
 u - 2 potions of ambrosia
 w - 2 potions of flight
 H - a potion of haste
 P - a potion of lignification
 R - a potion of heal wounds
 S - a potion of curing
 Z - a potion of agility
Miscellaneous
 T - a phantom mirror
Comestibles
 f - 17 rations


   Skills:
 * Level 8.4 Fighting
 * Level 10.6 Maces & Flails
 * Level 6.2 Armour
 * Level 6.8 Dodging
 - Level 6.0 Shields
 - Level 1.0 Spellcasting
 - Level 1.0 Translocations
 * Level 2.1 Invocations
 - Level 6.0 Evocations


You had 11 spell levels left.
You knew the following spells:

 Your Spells              Type           Power        Failure   Level  Hunger
a - Blink                 Tloc           N/A          86%         2    ###....

Your spell library contained the following spells:

 Spells                   Type           Power        Failure   Level  Hunger
 Flame Tongue             Conj/Fire      #....        86%         1    ##.....
 Magic Dart               Conj           #...         86%         1    ##.....
 Call Imp                 Summ           #.......     95%         2    ###....
 Slow                     Hex            #.......     95%         2    ###....
 Throw Flame              Conj/Fire      #.....       95%         2    ###....
 Conjure Flame            Conj/Fire      #.......     99%         3    ####...
 Inner Flame              Hex/Fire       #.......     99%         3    ####...
 Mephitic Cloud           Conj/Pois/Air  #.......     99%         3    ####...
 Sticky Flame             Conj/Fire      #.......     100%        4    #####..
 Fireball                 Conj/Fire      #.........   100%        5    ######.
 Haunt                    Necr/Summ      #.........   100%        7    #######
 Borgnjor's Revivificati  Necr           #.........   100%        8    #######
 Death's Door             Chrm/Necr      #.........   100%        8    #######
 Infestation              Necr           #.........   100%        8    #######
 Necromutation            Tmut/Necr      #.........   100%        8    #######


Dungeon Overview and Level Annotations

Branches:
Dungeon (11/15)            Temple (1/1) D:7            Lair (1/6) D:11
    Orc (0/2) D:11

Altars:
Ashenzari
Cheibriados
Dithmenos
Elyvilon
Fedhas
Gozag
Hepliaklqana
Kikubaaqudgha
Makhleb
Nemelex Xobeh
Okawaru
Qazlal
Ru
Sif Muna
Trog
Uskayaw
Vehumet
Wu Jian
Xom
Yredelemnul
Zin
The Shining One
Beogh

Shops:
D:9 ?

Annotations:
Gauntlet 15 transporters, 21 runed translucent doors


Innate Abilities, Weirdness & Mutations

You are small and have problems with some larger weapons.
You are carnivorous and can eat meat at any time.


Message History

The swamp worm is heavily wounded.
The swamp worm bites you! You block the swamp worm's attack.
You sock the swamp worm!
The swamp worm is almost dead.
The swamp worm barely misses you.
You sock the swamp worm!
You kill the swamp worm!
The swamp worm throws harpoon shot at you.
The harpoon shot hits you!
* * * LOW HITPOINT WARNING * * *
You are yanked forward by the harpoon shot.
Okay, then.
You sock the swamp worm!
The swamp worm is moderately wounded.
The swamp worm bites you.
* * * LOW HITPOINT WARNING * * *
You sock the swamp worm!
The swamp worm is severely wounded.
The swamp worm bites you!!
You die...

.#..#.#++#+#+#++#.##....#...#.#©≈
..#.#.#..+...+..#.#w....#...#.#9≈
...##.#..+.©.+..#.#www...#..#.#Y9
#############################.###
...........©...........©#........
###########.#####################
..........#.#.....#©.........©...
..........#.#####################
########..#.#...@w....#.#....©...
#..#.#.^##.##^.#.#.#^...^#
#..#.#?##...##.#.#.##...##
#..#.#.#.....#.#.#.^#####^
#..#©#©.^.©....#.#....©...
#..###|#.....#.#.#.^##.##.
#....#.##...##.#.#.##...##
#8...#.^##.##^.#.#.#.....#
###..#.........#.#........


You could see a tyrant leech and 4 swamp worms.

Vanquished Creatures
  Erica (D:8)
  A two-headed ogre (D:11)
  A spiny frog (Lair:1)
  A queen bee (Gauntlet)
  4 hippogriffs
  A wyvern (D:11)
  2 yaks
  4 vampire mosquitoes (D:8)
  Eustachio (D:5)
  A hungry ghost (D:10)
  A swamp worm (Gauntlet)
  7 porcupines
  2 orc warriors
  5 ice beasts
  4 sky beasts
  4 black bears
  An eye of draining (D:9)
  A necrophage (D:9)
  3 phantoms
  3 ogres
  2 crocodiles
  3 centaurs
  2 big kobolds
  3 bullfrogs
  6 scorpions
  20 killer bees
  8 crimson imps
  2 howler monkeys
  2 quasits
  4 bullfrog zombies
  A centaur zombie (D:7)
  4 orc priests
  4 hounds
  2 centaur skeletons
  Crazy Yiuf (D:4)
  A gnoll shaman (D:8)
  7 orc wizards
  6 iguanas
  Ijyb (D:5)
  6 worker ants
  2 hound skeletons (D:7)
  A howler monkey zombie (D:8)
  7 gnolls
  17 adders
  5 shadow imps
  An ooze (D:6)
  An adder zombie (D:6)
  2 adder skeletons
  5 worms
  3 dart slugs
  6 leopard geckos
  41 orcs
  12 bats
  3 giant cockroaches
  16 goblins
  10 hobgoblins
  18 jackals
  3 quokkas
  2 ball pythons
  8 frilled lizards
  26 kobolds
  A leopard gecko skeleton (D:3)
  A leopard gecko zombie (D:5)
  A quokka skeleton (D:5)
  8 rats
333 creatures vanquished.

Vanquished Creatures (collateral kills)
  A komodo dragon (Lair:1)
  A yak (D:8)
  An orc warrior (D:8)
  A bullfrog (D:9)
  3 killer bees (D:8)
  2 orc priests (D:11)
  An orc wizard (D:11)
10 creatures vanquished.

Vanquished Creatures (others)
  A yak (D:8)
  A water moccasin (D:9)
  A killer bee (D:8)
  32 fungi (D:11)
  13 plants (D:11)
48 creatures vanquished.

Grand Total: 391 creatures vanquished

Notes
Turn   | Place    | Note
-------+----------+-------------------------------------------
     0 | D:1      | Ihlosi the Kobold Fighter began the quest for the Orb.
     0 | D:1      | Reached XP level 1. HP: 14/14 MP: 1/1
    88 | D:1      | Reached XP level 2. HP: 13/19 MP: 2/2
   389 | D:1      | Reached skill level 2 in Maces & Flails
   438 | D:1      | Reached XP level 3. HP: 16/23 MP: 3/3
   990 | D:2      | Reached XP level 4. HP: 18/29 MP: 4/4
  1226 | D:2      | Reached skill level 1 in Dodging
  1882 | D:2      | Reached XP level 5. HP: 24/33 MP: 5/5
  1893 | D:2      | Found a snail-covered altar of Cheibriados.
  1927 | D:2      | Found an opulent altar of Gozag.
  2263 | D:2      | Reached skill level 3 in Maces & Flails
  3662 | D:3      | Reached XP level 6. HP: 33/38 MP: 6/6
  3903 | D:3      | Found a glowing golden altar of the Shining One.
  3916 | D:3      | Became a worshipper of the Shining One
  4128 | D:4      | Noticed an ogre
  4556 | D:3      | Killed an ogre
  4869 | D:4      | Reached skill level 4 in Maces & Flails
  4869 | D:4      | Reached XP level 7. HP: 39/43 MP: 7/7
  5943 | D:4      | Found a runed translucent door.
  5944 | D:4      | Noticed Crazy Yiuf
  5954 | D:4      | Killed Crazy Yiuf
  6061 | D:5      | Entered Level 5 of the Dungeon
  6157 | D:5      | Noticed Eustachio
  6168 | D:5      | Killed Eustachio
  6168 | D:5      | Reached skill level 5 in Maces & Flails
  6193 | D:4      | Reached XP level 8. HP: 15/48 MP: 8/8
  6193 | D:4      | Reached skill level 1 in Evocations
  6781 | D:5      | Found a shimmering altar of Xom.
  6782 | D:5      | Found a shattered altar of Ashenzari.
  6879 | D:5      | Noticed Ijyb
  6896 | D:5      | Found a sparkling altar of Nemelex Xobeh.
  6925 | D:5      | Killed Ijyb
  6939 | D:5      | Reached * piety under the Shining One
  7063 | D:5      | Reached skill level 5 in Fighting
  7306 | D:5      | Reached skill level 6 in Maces & Flails
  7459 | D:6      | Found a large runed translucent door.
  7459 | D:6      | Found a large runed translucent door.
  7462 | D:6      | Found a large runed translucent door.
  7462 | D:6      | Found a large runed translucent door.
  7677 | D:6      | Reached XP level 9. HP: 54/54 MP: 10/10
  8483 | D:6      | Reached skill level 7 in Maces & Flails
  8837 | D:7      | Reached ** piety under the Shining One
  9003 | D:7      | Found a staircase to the Ecumenical Temple.
  9015 | Temple   | Entered the Ecumenical Temple
  9461 | D:7      | Reached skill level 5 in Shields
  9461 | D:7      | Reached XP level 10. HP: 40/60 MP: 12/12
 10124 | D:7      | Reached skill level 8 in Maces & Flails
 10124 | D:7      | Reached skill level 5 in Dodging
 10388 | D:8      | Found an ornate altar of the Wu Jian Council.
 10489 | D:8      | Learned a level 2 spell: Blink
 10576 | D:8      | Reached skill level 5 in Armour
 10758 | D:8      | Found a shattered altar of Ashenzari.
 10840 | D:8      | Noticed Erica
 10855 | D:8      | Killed Erica
 11321 | D:8      | Reached *** piety under the Shining One
 11332 | D:8      | Reached skill level 9 in Maces & Flails
 11404 | D:8      | Reached skill level 5 in Evocations
 11503 | D:9      | HP: 3/63 [yak (11)]
 11508 | D:8      | Reached XP level 11. HP: 31/67 MP: 14/14
 12578 | D:9      | Got a dazzling leather armour
 12580 | D:9      | Identified the +2 leather armour of Puassomy {Str+4 Slay+4}
                  | (You found it on level 9 of the Dungeon)
 12595 | D:9      | Found Wimoit's Magic Scroll Shop.
 12607 | D:9      | Bought a scroll of remove curse for 39 gold pieces
 12723 | D:10     | Entered Level 10 of the Dungeon
 13073 | D:10     | Identified the ring "Uha Atto" {Str+3 Dex+4}
 13115 | D:10     | Reached **** piety under the Shining One
 13361 | D:11     | Noticed a two-headed ogre
 13421 | D:11     | Killed a two-headed ogre
 13676 | D:11     | Reached skill level 1 in Translocations
 13800 | D:11     | Reached skill level 1 in Invocations
 13813 | D:11     | Reached skill level 1 in Spellcasting
 13849 | D:11     | Reached skill level 10 in Maces & Flails
 14100 | D:11     | Found a staircase to the Lair.
 14438 | D:11     | Found a staircase to the Orcish Mines.
 14443 | D:11     | Found a roughly hewn altar of Beogh.
 14602 | Lair:1   | Entered Level 1 of the Lair of Beasts
 14776 | Lair:1   | Found a gate leading to a gauntlet.
 14960 | Gauntlet | Entered a Gauntlet
 14960 | Gauntlet | Found a transporter.
 15031 | Gauntlet | Found a transporter.
 15043 | Gauntlet | Found a transporter.
 15045 | Gauntlet | Found a large runed translucent door.
 15045 | Gauntlet | Found a large runed translucent door.
 15046 | Gauntlet | Found a large runed translucent door.
 15046 | Gauntlet | Found a large runed translucent door.
 15047 | Gauntlet | Found a large runed translucent door.
 15047 | Gauntlet | Found a large runed translucent door.
 15047 | Gauntlet | Found a runed translucent door.
 15047 | Gauntlet | Found a runed translucent door.
 15047 | Gauntlet | Found a large runed translucent door.
 15048 | Gauntlet | Found a transporter.
 15048 | Gauntlet | Found a large runed translucent door.
 15048 | Gauntlet | Found a large runed translucent door.
 15065 | Gauntlet | Found the +2 pair of boots of the Assassin {Detection Stab+
                  | Stlth++}
 15065 | Gauntlet | Found a transporter.
 15080 | Gauntlet | Found a large runed translucent door.
 15081 | Gauntlet | Found a large runed translucent door.
 15082 | Gauntlet | Found a large runed translucent door.
 15083 | Gauntlet | Found a runed translucent gate.
 15084 | Gauntlet | Found a transporter.
 15084 | Gauntlet | Found a runed translucent gate.
 15084 | Gauntlet | Noticed an entropy weaver
 15085 | Gauntlet | Found a runed translucent gate.
 15086 | Gauntlet | Found a large runed translucent door.
 15087 | Gauntlet | Found a large runed translucent door.
 15088 | Gauntlet | Found a large runed translucent door.
 15096 | Gauntlet | Found a transporter.
 15108 | Gauntlet | Found a transporter.
 15108 | Gauntlet | Noticed a catoblepas
 15120 | Gauntlet | Found a transporter.
 15120 | Gauntlet | Noticed a ghost crab
 15129 | Gauntlet | Reached ***** piety under the Shining One
 15132 | Gauntlet | Identified the +6 dire flail of the Old World {crush,
                  | Str+3}
 15132 | Gauntlet | Found a transporter.
 15149 | Gauntlet | Found a transporter.
 15166 | Gauntlet | Found a transporter.
 15168 | Gauntlet | Found a transporter.
 15169 | Gauntlet | Noticed a necromancer
 15196 | Gauntlet | Found a transporter.
 15200 | Gauntlet | Found a transporter.
 15202 | Gauntlet | Found a transporter.
 15229 | Gauntlet | Found a transporter.
 15231 | Gauntlet | Found a transporter.
 15279 | Gauntlet | Reached XP level 12. HP: 75/75 MP: 16/16
 15481 | Gauntlet | Found a large runed translucent door.
 15540 | Gauntlet | Mangled by a swamp worm

Skill      XL: |  1  2  3  4  5  6  7  8  9 10 11 |
---------------+----------------------------------+-----
Maces & Flails | 2 3 4 5 6 7 9 10 | 10.6
Dodging        | 1 2 3 4 5 6 |  6.8
Shields        | 3 4 5 6 |  6.0
Fighting       | 4 5 6 7 8 |  8.4
Armour         | 3 4 5 6 |  6.2
Evocations     | 2 3 5 6 |  6.0
Translocations | 1 |  1.0
Invocations    | 2 |  2.1
Spellcasting   | 1 |  1.0

Action                   |  1- 3 |  4- 6 |  7- 9 | 10-12 || total
-------------------------+-------+-------+-------+-------++-------
Melee: Flail             |   163 |   235 |   327 |   478 ||  1203
 Fire: Blowgun           |       |     2 |    33 |     8 ||    43
Evoke: Wand              |       |       |       |    11 ||    11
       Box of beasts     |       |       |       |     1 ||     1
  Use: Scroll            |       |       |     5 |    20 ||    25
       Potion            |       |       |     2 |     2 ||     4
  Eat: Chunk             |     8 |    14 |    15 |    21 ||    58
Armor: Scale mail        |    77 |    92 |   113 |    89 ||   371
       Leather armour    |       |       |       |    32 ||    32
Dodge: Dodged            |    59 |    77 |   127 |   241 ||   504
Block: Shield            |   101 |   136 |   173 |   264 ||   674
